 Dungeon Crawl Stone Soup version 0.29-a0-100-g60f898f876 (webtiles) character file.

Game seed: 17826904721234518223

21 Hubjo the Sneak (level 2, -1/21 HPs)
             Began as a Vampire Enchanter on Feb 14, 2022.
             Was a Follower of Kikubaaqudgha.
             Slain by an adder (3 damage)
             ... on level 2 of the Dungeon.
             The game lasted 00:01:08 (800 turns).

Hubjo the Sneak (Vampire Enchanter)                  Turns: 800, Time: 00:01:09

Health: -1/21      AC:  2    Str:  7    XL:     2   Next: 65%
Magic:  5/5        EV: 12    Int: 17    God:    Kikubaaqudgha [*.....]
Gold:   55         SH:  0    Dex: 14    Spells: 5/5 levels left

rFire   . . .      SeeInvis +   a - +1 dagger
rCold   . . .      Faith    .   (no shield)
rNeg    . . .      Spirit   .   b - +0 robe
rPois   .          Reflect  .   (no helmet)
rElec   .          Harm     .   (no cloak)
rCorr   .          Rampage  .   (no gloves)
Will    .....                   (no boots)
Stlth   +++.......              (no amulet)
HPRegen 0.27/turn               (no ring)
MPRegen 0.09/turn               (no ring)

@: healing quickly
A: alive, fangs 3, see invisible, vampiric 1
a: Exsanguinate, Renounce Religion, Receive Corpses


You were on level 2 of the Dungeon.
You worshipped Kikubaaqudgha.
Kikubaaqudgha was aware of your devotion.
You visited 1 branch of the dungeon, and saw 2 of its levels.

You collected 55 gold pieces.

Inventory:

Hand Weapons
 a - a +1 dagger (weapon)
Armour
 b - a +0 robe (worn)
Jewellery
 h - a +6 ring of intelligence
Scrolls
 i - a scroll of identify {unknown}
Potions
 c - a potion of invisibility
 d - a potion of attraction {unknown}
 e - a potion of degeneration {unknown}
 f - a potion of curing {unknown}
 g - a potion of brilliance {unknown}


   Skills:
 * Level 1.0 Fighting
 + Level 1.4 Short Blades
 + Level 2.4 Dodging
 * Level 4.9 Stealth
 - Level 2.0 Spellcasting
 + Level 4.6 Hexes


You had 5 spell levels left.
You didn't know any spells.
Your spell library contained the following spells:

 Spells                   Type           Power      Damage    Failure   Level
 Confusing Touch          Hex            17%        N/A       9%          3
 Tukima's Dance           Hex            17%        N/A       9%          3
 Ensorcelled Hibernation  Hex/Ice        18%        N/A       12%         2
 Animate Skeleton         Necr           2%         N/A       19%         1
 Pain                     Necr           4%         1d4       19%         1
 Dazzling Flash           Conj/Hex       18%        N/A       22%         3
 Corpse Rot               Necr/Air       2%         N/A       28%         2
 Sublimation of Blood     Necr           1%         N/A       28%         2


Dungeon Overview and Level Annotations

Branches:
Dungeon (1/15)

Altars:
Kikubaaqudgha


Innate Abilities, Weirdness & Mutations

Your natural rate of healing is accelerated.
You have razor-sharp teeth.
You have supernaturally acute eyesight. (SInv)
You are afflicted with vampirism.


Message History

2 bats come into view.
You don't know any spells.
Okay, then.
You see here 17 gold pieces.
You are too injured to fight recklessly!
You are too injured to fight recklessly!
You are too injured to fight recklessly!
You are too injured to fight recklessly!
You are too injured to fight recklessly!
You are too injured to fight recklessly!
You are too injured to fight recklessly!
You are too injured to fight recklessly!
You are too injured to fight recklessly!
You are too injured to fight recklessly!
You are too injured to fight recklessly!
You are too injured to fight recklessly!
You are too injured to fight recklessly!
You are too injured to fight recklessly!
You are too injured to fight recklessly!
You are too injured to fight recklessly!
You are too injured to fight recklessly!
You closely miss the frilled lizard. You bite the frilled lizard.
You kill the frilled lizard!
Kikubaaqudgha accepts your kill.
You closely miss the goblin. The goblin hits you with a +0 club.
* * * LOW HITPOINT WARNING * * *
You barely miss the goblin. You bite the goblin.
The goblin is moderately wounded.
The goblin hits you with a +0 club.
* * * LOW HITPOINT WARNING * * *
You hit the goblin.
The goblin is heavily wounded.
You hit the goblin.
You kill the goblin!
Kikubaaqudgha accepts your kill.
You hit the adder.
The adder is moderately wounded.
The adder closely misses you. The adder bites you.
You die...
Kikubaaqudgha rasps: "You have failed me!
Welcome... death!"

# ########.##### #.
#....S@.......
..b#######.#######.####
.b.........#
.......#S### ### #.##
##.## #...# #...# #...#


You could see an adder.

Vanquished Creatures
  A dart slug (D:1)
  2 endoplasms (D:1)
  A giant cockroach (D:1)
  A goblin (D:2)
  2 hobgoblins
  A quokka (D:1)
  2 ball pythons (D:1)
  3 bats (D:1)
  3 frilled lizards
  2 kobolds (D:1)
  A rat (D:1)
19 creatures vanquished.

Notes
Turn   | Place    | Note
-------+----------+-------------------------------------------
     0 | D:1      | Hubjo the Vampire Enchanter began the quest for the Orb.
     0 | D:1      | Reached XP level 1. HP: 13/13 MP: 3/3
   177 | D:1      | Reached XP level 2. HP: 20/20 MP: 5/5
   567 | D:1      | Found a faded altar of an unknown god.
   636 | D:1      | Prayed at the altar of an unknown god.
   636 | D:1      | Became a worshipper of Kikubaaqudgha
   636 | D:1      | Reached * piety under Kikubaaqudgha
   636 | D:1      | Received a gift from Kikubaaqudgha
   770 | D:1      | You fall into a shaft and drop 1 floor!
   778 | D:2      | Reached skill level 1 in Fighting
   797 | D:2      | HP: 1/21 [goblin (3)]
   800 | D:2      | Slain by an adder

Illustrated notes

Levels and vault maps discovered:
D:1:      co_arrival_random_square_maze, layout_basic,
          hellmonk_ecumenical_altar_crossroads
D:2:      layout_loops_cross, st_stairs_14, uniq_sigmund, uniq_terence

Skill      XL: |  1  2 |
---------------+-------+-----
Fighting       | 1 |  1.0
Short Blades   | |  1.4
Dodging        | |  2.4
Stealth        | |  4.9
Spellcasting   | |  2.0
Hexes          | |  4.6

Action                   || total
-------------------------++-------
Melee: Dagger            ||    70
       Bite              ||     8
       Punch             ||     1
 Stab: Sleeping          ||     4
Armor: Robe              ||     6
Dodge: Dodged            ||    38

Table legend: (Time is in decaauts)
 A = Elapsed time spent in this place.
 B = Non-inter-level travel time spent in this place.
 C = Inter-level travel time spent in this place.
 D = Time resting spent in this place.
 E = Time spent auto-exploring this place.
 F = Levels seen in this place.
 G = Mean time per level.
                   A        B        C        D        E       F      G
               +--------+--------+--------+--------+--------+-----+--------+
         Total |    795 |    774 |     21 |      0 |    604 |   2 |  397.5 |
       Dungeon |    795 |    774 |     21 |      0 |    604 |   2 |  397.5 |
               +--------+--------+--------+--------+--------+-----+--------+

Top non-repeatable levels by time:
     D:1: 766 daAuts
     D:2: 29 daAuts
